 Dungeon Crawl Stone Soup version 0.28.0-45-g0d030f2227 (webtiles) character file.

Game seed: 12619335068165731013

627058 CryoSword the Slayer (level 27, -2/246 HPs)
             Began as a Formicid Fighter on Apr 8, 2022.
             Was an Initiate of Gozag.
             Slain by a large abomination (11 damage)
             ... on level 5 of the Abyss on Apr 9, 2022.
             The game lasted 04:11:19 (92825 turns).

CryoSword the Slayer (Formicid Fighter)            Turns: 92825, Time: 04:11:19

Health: -2/246     AC: 41    Str: 31      XL:     27
Magic:  0/8        EV: 13    Int:  8 (9)  God:    Gozag
Gold:   8732       SH: 28    Dex: 13 (14) Spells: 40/42 levels left

rFire   + + +      SeeInvis +   a - +9 lajatang (antimagic)
rCold   + + .      Faith    .   O - +5 tower shield of the Onion {rCorr Slay-2 SInv}
rNeg    + . .      Spirit   +   j - +10 plate armour {rF+}
rPois   +          Reflect  .   (helmet unavailable)
rElec   .          Harm     +   G - scarf {shadows}
rCorr   +          Rampage  .   U - +4 pair of gloves of Spite {+Inv rN+ Slay+2 SInv}
Will    +++++                   S - +1 pair of boots "Irphidot" {Fly Int+3 SInv}
Stlth   ..........              X - amulet of Xirihuaw {Spirit Harm rC+ Regen+}
HPRegen 1.31/turn               e - ring of Miracles {rPois rF++ AC+4 Int+2 SInv}
MPRegen 0.11/turn               J - ring "Vutou" {rPois rC+ Will+++ Int-4}

@: mighty, brilliant, flying, studying Summonings
A: permanent stasis, dig shafts and tunnels, antennae 3, four strong arms, dopey
1, screaming 1, strong 1, [deterioration 2], low MP 1[+2]
}: 4/15 runes: serpentine, barnacled, slimy, silver
a: Dig, Shaft Self, Renounce Religion, Evoke Invisibility, Potion Petition, Call
Merchant, Bribe Branch


You were on level 5 of the Abyss.
You worshipped Gozag.
Gozag was greatly pleased with you.
You visited 12 branches of the dungeon, and saw 53 of its levels.
You visited the Abyss 1 time.
You also visited: Bailey, Gauntlet, Volcano, Wizlab and Desolation.

You collected 30950 gold pieces.
You spent 8904 gold pieces at shops.
You paid 13314 gold pieces to Gozag.

Inventory:

Hand Weapons
 a - a +9 antimagic lajatang (weapon)
   (You acquired it on level 3 of the Lair of Beasts)
 w - a +9 vorpal lajatang
   (You found it on level 6 of the Lair of Beasts)
Missiles
 C - 16 javelins
 H - 24 silver javelins (quivered)
 L - 5 boomerangs of dispersal {!f}
 N - 31 boomerangs
 Q - 8 throwing nets
 R - 6 silver boomerangs
Armour
 j - a +10 plate armour of fire resistance (worn)
   (You took it off an orc warrior on level 2 of the Orcish Mines)
 n - a +2 cloak of preservation
   (You took it off Nikola on level 1 of the Depths)
 G - a scarf of shadows (worn)
   (You found it on level 5 of the Vaults)
 O - the +5 tower shield of the Onion (worn) {rCorr Slay-2 SInv}
   (You found it on level 6 of the Lair of Beasts)

   Slay:      It affects your accuracy & damage with ranged weapons and melee
   (-2).
   SInv:      It lets you see invisible.
   rCorr:     It protects you from acid and corrosion.
 S - the +1 pair of boots "Irphidot" (worn) {Fly Int+3 SInv}
   (You bought it in a shop on level 2 of the Orcish Mines)

   Int:       It affects your intelligence (+3).
   SInv:      It lets you see invisible.
   Fly:       It grants you flight.
 U - the +4 pair of gloves of Spite (worn) {+Inv rN+ Slay+2 SInv}
   (You bought it in a shop on level 4 of the Snake Pit)

   Slay:      It affects your accuracy & damage with ranged weapons and melee
   (+2).
   rN:        It protects you from negative energy.
   SInv:      It lets you see invisible.
   +Inv:      It lets you turn invisible.
Jewellery
 c - the ring of Harmony {+Blink rElec rCorr Int-2 Stlth+}
   (You bought it in a shop on level 1 of the Depths)

   [ring of resist corrosion]

   Int:       It affects your intelligence (-2).
   rElec:     It insulates you from electricity.
   +Blink:    It lets you blink.
   rCorr:     It protects you from acid and corrosion.
   Stlth:     It makes you more stealthy.
 e - the ring of Miracles (left hand) {rPois rF++ AC+4 Int+2 SInv}
   (You found it in a wizard's laboratory)

   [ring of protection]

   AC:        It affects your AC (+4).
   Int:       It affects your intelligence (+2).
   rF:        It greatly protects you from fire.
   rPois:     It protects you from poison.
   SInv:      It lets you see invisible.
 s - the ring of Zyalybb {rC+ rN++ MP+9 Str-3 SInv}
   (You bought it in a shop on level 6 of the Lair of Beasts)

   [ring of magical power]

   Str:       It affects your strength (-3).
   rC:        It protects you from cold.
   rN:        It greatly protects you from negative energy.
   MP:        It affects your magic capacity (+9).
   SInv:      It lets you see invisible.
 J - the ring "Vutou" (right hand) {rPois rC+ Will+++ Int-4}
   (You found it in the Desolation of Salt)

   [ring of protection from cold]

   Int:       It affects your intelligence (-4).
   rC:        It protects you from cold.
   rPois:     It protects you from poison.
   Will:      It greatly increases your willpower.
 X - the amulet of Xirihuaw (around neck) {Spirit Harm rC+ Regen+}
   (You bought it in a shop on level 2 of the Snake Pit)

   [amulet of guardian spirit]

   It causes incoming damage to be divided between your reserves of health and
   magic.
   rC:        It protects you from cold.
   Regen:     It increases your rate of health regeneration.
   Harm:      It increases damage dealt and taken.
Wands
 F - a wand of digging (10)
   (You found it on level 13 of the Dungeon)
 W - a wand of iceblast (39)
   (You found it on level 1 of the Shoals)
Scrolls
 f - 4 scrolls of immolation {!r}
 h - a scroll of holy word
 i - 11 scrolls of magic mapping
 v - 12 scrolls of enchant armour
 B - 11 scrolls of summoning
 D - 14 scrolls of fog
 I - 2 scrolls of silence
 T - 4 scrolls of fear
Potions
 b - 12 potions of attraction {!q}
 d - 9 potions of might
 g - 3 potions of cancellation
 k - 30 potions of curing {@q1}
 l - a potion of invisibility
 q - 6 potions of lignification {!q}
 x - 12 potions of ambrosia
 z - 7 potions of magic
 A - 5 potions of resistance
 E - 12 potions of mutation {!q}
Miscellaneous
 m - a tin of tremorstones (1/2)
   (You found it on level 4 of the Shoals)
 o - the horn of Geryon
   (You took it off Geryon in the Vestibule of Hell)
 u - a phantom mirror
   (You found it on level 3 of the Lair of Beasts)
 y - a box of beasts (inert)
   (You found it in a Gauntlet)
 P - a condenser vane
   (You found it on level 6 of the Lair of Beasts)


   Skills:
 * Level 26.4 Fighting
 + Level 21.5 Staves
 * Level 19.8 Throwing
 + Level 20.1 Armour
 - Level 11.0 Dodging
 + Level 23.8 Shields
 - Level 8.0 Spellcasting
 - Level 6.1 Summonings
 - Level 9.0 Transmutations
 + Level 12.1 Evocations


You had 40 spell levels left.
You knew the following spells:

 Your Spells              Type           Power      Damage    Failure   Level
a - Wereblood             Tmut           26%        N/A       3%          2

Your spell library contained the following spells:

 Spells                   Type           Power      Damage    Failure   Level
 Beastly Appendage        Tmut           52%        N/A       2%          1
 Passwall                 Tmut/Erth      12%        N/A       22%         2
 Call Canine Familiar     Summ           19%        N/A       24%         3
 Spider Form              Tmut/Pois      15%        N/A       41%         3
 Blade Hands              Tmut           13%        N/A       54%         5
 Ignite Poison            Fire/Tmut/Pois 12%        N/A       63%         3
 Summon Guardian Golem    Hex/Summ       12%        N/A       63%         3
 Animate Skeleton         Necr           8%         N/A       67%         1
 Apportation              Tloc           8%         N/A       67%         1
 Freeze                   Ice            16%        1d4       67%         1
 Magic Dart               Conj           16%        1d3       67%         1
 Pain                     Necr           16%        1d4       67%         1
 Sandblast                Erth           8%         2d5       67%         1
 Shock                    Conj/Air       16%        1d4       67%         1
 Corpse Rot               Necr/Air       8%         N/A       82%         2
 Ensorcelled Hibernation  Hex/Ice        8%         N/A       82%         2
 Poisonous Vapours        Pois/Air       8%         N/A       82%         2
 Scorch                   Fire           8%         2d5       82%         2
 Searing Ray              Conj           8%         2d4       82%         2
 Static Discharge         Conj/Air       4%         N/A       82%         2
 Ice Form                 Ice/Tmut       15%        N/A       83%         4
 Animate Armour           Summ/Erth      24%        N/A       95%         4
 Summon Ice Beast         Ice/Summ       12%        N/A       95%         4
 Summon Lightning Spire   Summ/Air       12%        N/A       95%         4
 Frozen Ramparts          Ice            8%         1d2       96%         3
 Lesser Beckoning         Tloc           4%         N/A       96%         3
 Portal Projectile        Hex/Tloc       8%         N/A       96%         3
 Stone Arrow              Conj/Erth      8%         3d7       96%         3
 Tukima's Dance           Hex            4%         N/A       96%         3
 Vampiric Draining        Necr           4%         2d6       96%         3
 Alistair's Intoxication  Tmut/Pois      10%        N/A       99%         5
 Irradiate                Conj/Tmut      7%         3d15      99%         5
 Yara's Violent Unravell  Hex/Tmut       7%         3d5       99%         5
 Airstrike                Air            2%         N/A       100%        4
 Anguish                  Hex/Necr       2%         N/A       100%        4
 Dispel Undead            Necr           4%         3d7       100%        4
 Flame Wave               Conj/Fire      4%         2d5       100%        4
 Fulminant Prism          Conj/Hex       2%         3d6       100%        4
 Hailstorm                Conj/Ice       4%         3d4       100%        4
 Iskenderun's Mystic Bla  Conj/Tloc      4%         2d3       100%        4
 Leda's Liquefaction      Hex/Erth       2%         N/A       100%        4
 Olgreb's Toxic Radiance  Pois           4%         N/A       100%        4
 Passage of Golubria      Tloc           4%         N/A       100%        4
 Sticky Flame             Conj/Fire      4%         2d3       100%        4
 Agony                    Necr           4%         N/A       100%        5
 Borgnjor's Vile Clutch   Necr/Erth      2%         N/A       100%        5
 Excruciating Wounds      Necr           2%         N/A       100%        5
 Fireball                 Conj/Fire      2%         3d4       100%        5
 Iskenderun's Battlesphe  Conj           4%         2d6       100%        5
 Lee's Rapid Deconstruct  Erth           2%         3d5*      100%        5
 Lightning Bolt           Conj/Air       2%         1d13      100%        5
 Manifold Assault         Tloc           4%         N/A       100%        5
 Silence                  Hex/Air        2%         N/A       100%        5
 Summon Mana Viper        Hex/Summ       12%        N/A       100%        5
 Conjure Ball Lightning   Conj/Air       2%         3x3d6     100%        6
 Dispersal                Tloc           2%         N/A       100%        6
 Eringya's Noxious Bog    Tmut/Pois      7%         N/A       100%        6
 Simulacrum               Ice/Necr       2%         N/A       100%        6
 Starburst                Conj/Fire      2%         6d3       100%        6
 Statue Form              Tmut/Erth      10%        N/A       100%        6
 Summon Cactus Giant      Summ           9%         N/A       100%        6
 Dragon Form              Tmut           13%        N/A       100%        7
 Haunt                    Necr/Summ      6%         N/A       100%        7
 Monstrous Menagerie      Summ           9%         N/A       100%        7
 Orb of Destruction       Conj           2%         9d5       100%        7
 Ozocubu's Refrigeration  Ice            2%         4d5       100%        7
 Spellforged Servitor     Conj/Summ      6%         N/A       100%        7
 Borgnjor's Revivificati  Necr           2%         N/A       100%        8
 Disjunction              Tloc           2%         N/A       100%        8
 Ignition                 Fire           2%         3d3       100%        8
 Lehudib's Crystal Spear  Conj/Erth      2%         10d2      100%        8
 Maxwell's Capacitive Co  Air            2%         ∞         100%        8
 Necromutation            Tmut/Necr      7%         N/A       100%        8
 Death's Door             Necr           2%         N/A       100%        9
 Swiftness                Air            Unusable   N/A       N/A         3

Dungeon Overview and Level Annotations

Branches:
Dungeon (15/15)            Temple (1/1) D:4            Lair (6/6) D:10
 Shoals (4/4) Lair:3        Snake (4/4) Lair:3        Slime (5/5) Lair:5
    Orc (2/2) D:10            Elf (3/3) Orc:2        Vaults (5/5) D:13
  Crypt (3/3) Vaults:3       Tomb (0/3) Crypt:3      Depths (4/4) D:15
   Hell (visited)             Dis (0/7) Hell            Geh (0/7) Hell
    Coc (0/7) Hell            Tar (0/7) Hell            Zot (0/5) Depths:4
 Bailey (visited)         Volcano (visited)          WizLab (visited)
Desolation (visited)      Gauntlet (visited)

Altars:
Cheibriados
Dithmenos
Elyvilon
Fedhas
Gozag
Hepliaklqana
Kikubaaqudgha
Makhleb
Nemelex Xobeh
Okawaru
Qazlal
Ru
Sif Muna
Trog
Uskayaw
Vehumet
Wu Jian
Xom
Yredelemnul
Zin
The Shining One
Beogh
Jiyva

Shops:
D:1 [   D:5 ?   D:7 :([   D:10 !   Orc:2 ?*[(?   Elf:2 ?:   Elf:3 *(!*?[
Lair:3 [   Lair:6 *   Shoals:1 =   Snake:1 [   Snake:2 (=   Snake:4 [
Vaults:2 (?   Vaults:4 (   Depths:1 ::=

Portals:
Hell: Depths:1 Depths:2 Depths:3 Depths:4
Abyss: Depths:3
Pandemonium: Depths:1 Depths:2 Depths:3
Ziggurat: Depths:1


Innate Abilities, Weirdness & Mutations

You cannot be hasted, slowed, berserked, paralysed or teleported.
You can dig through walls and to a lower floor.
You have a pair of large antennae on your head. (SInv)
Your four strong arms can wield two-handed weapons with a shield.
You are dopey. (Int -2)
You occasionally shout uncontrollably at your foes.
Your muscles are strong. (Str +2)
[Your body often deteriorates upon taking damage.]
[Your magical capacity is extremely low. (-30% MP)]


Message History

The efreet shimmers and vanishes!
You are covered in liquid flames!
The smoke demon is engulfed in blazing flames.
You completely miss the smoke demon.
You are covered in liquid flames!
You carve the smoke demon like a ham!!!
You kill the smoke demon!
That felt strangely unrewarding.
You are covered in liquid flames!
A small abomination comes into view.
You closely miss the rakshasa. You block the rakshasa's attack.
You cut the rakshasa into ribbons!!!
You kill the rakshasa!
That felt strangely unrewarding.
The large abomination hits you.
You barely miss the large abomination. You slash the large abomination!
You block the large abomination's attack.
The dread lich shouts!
A starcursed mass comes into view.
You block the small abomination's attack.
You see here a +2 scimitar of flaming.
You slice the small abomination!!
You hear a bellow!
The starcursed mass shrieks in your mind.
Unknown command.
You slice the large abomination!!
You destroy the large abomination!
That felt strangely unrewarding.
You block the small abomination's attack.
A lurking horror comes into view.
The starcursed mass shrieks in your mind.
* * * LOW HITPOINT WARNING * * *
You block the dread lich's attack.
A worldbinder comes into view.
You slice the dread lich!!
The dread lich's magic leaks into the air.
You block the worldbinder's attack.
The worldbinder hits you but does no damage.
A ynoxinul comes into view.
You block the dread lich's attack.
You slash the dread lich!
The dread lich's magic leaks into the air.
You feel your health improve.
The small abomination hits you but does no damage.
The worldbinder calls forth creatures from the Swamp!
The starcursed mass shrieks in your mind.
* * * LOW HITPOINT WARNING * * *
You block the dread lich's attack.
You chop the dread lich into pieces!!!
The dread lich's magic leaks into the air.
You hear a bark! x2
The worldbinder misses you. x2
You block the small abomination's attack.
A starcursed mass splits.
You open the dread lich like a pillowcase!!!
You destroy the dread lich!
That felt strangely unrewarding.
You block the worldbinder's attack. x2
You slice the small abomination!!
You destroy the small abomination!
That felt strangely unrewarding.
The substance of the Abyss twists violently, and a gateway leading out appears!
You block the worldbinder's attack. x2; A starcursed mass splits. x2
A chorus of shrieks assaults your mind.
* * * LOW HITPOINT WARNING * * *
The bog body points at you and mumbles some strange words.
The bolt of cold hits you. You resist.
* * * LOW HITPOINT WARNING * * *
The bolt of cold hits the ynoxinul!
The ynoxinul resists.
You slice the ynoxinul!!
You kill the ynoxinul!
That felt strangely unrewarding.
The worldbinder hits you but does no damage.
You block the worldbinder's attack.
The worldbinder hits you but does no damage.
The worldbinder closely misses you.
You see here a +2 scimitar of flaming.
You see here a +0 long sword.
The bog body disappears in a puff of smoke!
The goliath frog disappears in a puff of smoke!
The worldbinder calls forth creatures from the Swamp!
You slash the worldbinder!
The worldbinder's magic leaks into the air.
You slice the worldbinder!!
You destroy the worldbinder!
That felt strangely unrewarding.
The goliath frog disappears in a puff of smoke!
The swamp drake disappears in a puff of smoke! x2
A large abomination comes into view.
A chorus of shrieks assaults your mind.
* * * LOW HITPOINT WARNING * * *
You see here a +0 long sword.
You slice the starcursed mass!!
You destroy the starcursed mass!
That felt strangely unrewarding.
The starcursed mass touches you but does no damage.
A chorus of shrieks assaults your mind.
* * * LOW HITPOINT WARNING * * *
You see here a +2 scimitar of flaming.
You open the starcursed mass like a pillowcase!!!
You destroy the starcursed mass!
That felt strangely unrewarding.
A starcursed mass splits.
You block the large abomination's attack.
A chorus of shrieks assaults your mind.
* * * LOW HITPOINT WARNING * * *
There is a gateway leading out of the Abyss here.
You slash the starcursed mass!
The starcursed mass shudders and is absorbed by its neighbour.
Your body is wracked with pain!
* * * LOW HITPOINT WARNING * * *
You block the large abomination's attack.
Unknown command.
You hit the large abomination.
You completely miss the large abomination.
The starcursed mass shrieks in your mind.
* * * LOW HITPOINT WARNING * * *
An ancient zyme comes into view.
You feel yourself growing ill in the presence of the ancient zyme.
You block the large abomination's attack.
You slash the starcursed mass! The starcursed mass touches you!
* * * LOW HITPOINT WARNING * * *
You see here a +2 scimitar of flaming.
Okay, then.
The ancient zyme hits you but does no damage.
The ancient zyme closely misses you.
A large abomination comes into view.
A starcursed mass splits.
You see here a +0 long sword.
You slice the ancient zyme like a ripe choko!!!
You hear a bark!
You block the ancient zyme's attack. x2
You chop the ancient zyme into pieces!!!
You destroy the ancient zyme!
That felt strangely unrewarding.
A chorus of shrieks assaults your mind.
* * * LOW HITPOINT WARNING * * *
You slice the large abomination!!
You block the large abomination's attack.
A starcursed mass splits.
You slice the large abomination like a ripe choko!!!
You destroy the large abomination!
That felt strangely unrewarding.
A starcursed mass splits.
A chorus of shrieks assaults your mind.
* * * LOW HITPOINT WARNING * * *
You slice the large abomination!! You hit the large abomination.
A chorus of shrieks assaults your mind.
* * * LOW HITPOINT WARNING * * *
The large abomination hits you!
You die...
Your body crumbles into a pile of gold.

# . ♣ .
. . ♣
.# . ≈≈
♣♣≈≈{..
# . . #
. ...≈≈
. . # #
..) .{
.. # .
. .#.#.
. # E
#.### .
.. ..#
. #.# #
#.##.#
#. ##
#. #
#@# #
..##X#
# {#X#
#.X#
#XX#
.##.#
.# . .☼
.# ###.
#.


You could see 4 starcursed masses and a large abomination.

Vanquished Creatures
  the Royal Jelly (Slime:5)
  6 dread liches
  Mara (Vaults:3)
  Boris (Crypt:3)
  Saint Roka (Vaults:1)
  The ghost of casual the Hoplite, a veteran MiMo of Hepliaklqana (Vaults:2)
  Xtahua (Vaults:3)
  3 golden dragons
  2 caustic shrikes
  Nikola (Depths:1)
  Geryon (Hell)
  3 bone dragons
  Jorgrun (Orc:1)
  An Ice Fiend (Depths:3)
  2 walking crystal tomes
  6 tentacled monstrosities
  A moon troll (WizLab)
  A hellephant (Abyss:5)
  A shard shrike zombie (Abyss:3)
  The ghost of hitsuchi the Severer, an adept HuIE of Elyvilon (Vaults:2)
  6 titans
  Mlioglotl (Shoals:2)
  4 deep elf blademasters
  8 liches
  A quicksilver dragon (Depths:1)
  A quicksilver dragon (shapeshifter) (Vaults:5)
  2 deep elf master archers (Elf:3)
  11 ancient champions
  A walking frostbound tome (Depths:3)
  20 acid blobs
  Frances (Elf:1)
  2 krakens
  The ghost of GreyFruit the Fighter, an adept DrCj of Ashenzari (Elf:2)
  5 sphinxes
  10 tentacled starspawn
  15 azure jellies
  Kirke (Lair:6)
  6 tengu reavers
  5 storm dragons
  9 shadow dragons
  A nargun (Depths:3)
  10 rockslimes
  3 revenants
  Ilsuiw (Shoals:2)
  5 fire giants
  9 frost giants
  5 nagarajas (Snake:4)
  2 imperial myrmidons (Desolation)
  3 orc warlords
  Louise (Elf:1)
  A balrug (Depths:2)
  8 deep elf sorcerers
  21 vault wardens
  2 iron dragons (Vaults:5)
  3 cacodemons
  3 curse skulls (Crypt:2)
  7 ghouls
  Aizul (Depths:1)
  8 deep elf elementalists
  4 war gargoyles
  A draconian annihilator (Depths:4)
  9 reapers
  31 very ugly things
  11 quicksilver oozes
  A juggernaut skeleton (Crypt:3)
  9 vampire knights
  11 ironbound thunderhulks
  20 ironbound preservers
  19 stone giants
  A lorocyproca (Depths:1)
  Azrael (Elf:1)
  8 deep elf demonologists
  A purple draconian (Depths:4)
  4 yellow draconians
  3 entropy weavers
  16 dire elephants
  A minotaur (Gauntlet)
  The ghost of Xixkoobe the Basher, a journeyman TrHu of the Shining One (D:13)
  5 deep elf death magi
  6 merfolk javelineers
  13 deep elf annihilators
  3 iron golems (Hell)
  A spark wasp (Depths:2)
  9 ettins
  A quicksilver dragon zombie (Crypt:1)
  2 blizzard demons
  5 eidola
  3 jiangshi (Crypt:2)
  18 merfolk impalers
  A spriggan zombie (Crypt:1)
  4 fire dragons
  The ghost of Meat the Polluter, a journeyman NaVM of Okawaru (Lair:1)
  4 crystal guardians
  19 great orbs of eyes
  Josephine (Orc:1)
  An ice dragon (shapeshifter) (Vaults:5)
  6 ragged hierophants (Desolation)
  11 yaktaur captains
  4 rakshasas
  36 vault guards
  7 deep elf high priests
  3 ice dragons
  Fannar (D:11)
  Erolcha (D:13)
  5 spriggan air magi
  9 hydras
  13 peacekeepers
  A hell beast (Depths:3)
  2 death knights (Crypt:2)
  20 naga warriors
  4 servants of whispers (Desolation)
  6 ironbound frosthearts
  4 boulder beetles
  2 salamander tyrants (Snake:4)
  3 catoblepae (Lair:6)
  A caustic shrike simulacrum (Depths:3)
  7 centaur warriors
  2 ogre magi (Vaults:5)
  2 merfolk avatars
  A death scarab (Crypt:3)
  7 satyrs
  3 spriggan skeletons
  13 anacondas
  An anaconda (shapeshifter) (Vaults:5)
  4 merfolk aquamancers
  A satyr (shapeshifter) (Depths:4)
  A fenstrider witch skeleton (Crypt:3)
  4 two-headed ogres
  2 deep troll earth magi (Depths:3)
  5 deep troll shamans
  10 naga sharpshooters
  6 thrashing horrors (Abyss:3)
  7 tengu warriors
  3 vampire magi
  19 death yaks
  8 hell hogs
  10 shock serpents
  2 titan skeletons (Crypt:3)
  Urug (D:10)
  15 hell knights
  5 spriggan berserkers
  7 sun demons
  11 soul eaters
  Sonja (D:11)
  14 deep elf knights
  A fire crab (Gauntlet)
  4 sixfirhies
  63 skeletal warriors
  7 wretched stars
  13 iron trolls
  39 deep trolls
  6 salamander mystics
  7 shadow wraiths
  9 flayed ghosts
  A storm dragon skeleton (Crypt:2)
  A bunyip zombie (Crypt:2)
  An anaconda zombie (Hell)
  An entropy weaver zombie (Crypt:1)
  A kraken simulacrum (Hell)
  3 orange crystal statues
  8 deep elf archers
  An iron giant skeleton (Crypt:2)
  A glowing orange brain (shapeshifter) (Vaults:5)
  3 naga ritualists
  8 glowing orange brains
  2 orc knights
  14 sea snakes
  A spriggan simulacrum (Crypt:2)
  8 wizards
  3 bunyip skeletons
  2 golden dragon skeletons
  A bog body (Crypt:1)
  4 shining eyes
  31 deep elf pyromancers
  32 deep elf zephyrmancers
  18 lindwurms
  30 ironbound convokers
  14 phantasmal warriors
  16 large abominations
  4 orc sorcerers
  18 mana vipers
  2 anaconda skeletons (Crypt:3)
  10 necromancers
  31 harpies
  37 ugly things
  A wolf spider (D:15)
  16 manticores
  An oklob plant (D:7)
  142 slime creatures
  18 fauns
  23 salamanders
  An apocalypse crab (Abyss:3)
  9 cyclopes
  An iron dragon skeleton (Crypt:3)
  A jorogumo skeleton (Crypt:3)
  A shock serpent zombie (Crypt:3)
  6 elephants (Lair:6)
  9 starcursed masses
  9 merfolk sirens
  7 worldbinders (Abyss:5)
  An ice statue (Hell)
  3 molten gargoyles (Desolation)
  5 rust devils (Hell)
  41 black mambas
  5 water nymphs
  6 smoke demons
  An orange demon (Abyss:3)
  9 cane toads
  13 vault sentinels
  A guardian serpent (shapeshifter) (Elf:2)
  2 gargoyles (D:14)
  3 naga zombies
  14 guardian serpents
  A stone giant skeleton (Crypt:3)
  5 eyes of devastation
  16 naga magi
  A storm dragon simulacrum (Depths:3)
  2 unseen horrors (Abyss:3)
  Maggie (D:6)
  A dire elephant skeleton (Crypt:1)
  An alligator snapping turtle skeleton (Abyss:3)
  A hellion (Hell)
  A cane toad (shapeshifter) (Depths:1)
  4 rime drakes
  2 demonic crawlers
  2 golden dragon simulacra (Depths:3)
  8 freezing wraiths
  26 yaktaurs
  2 anaconda simulacra
  3 efreet
  A green draconian skeleton (Crypt:2)
  7 komodo dragons
  4 spectral deep trolls (Crypt:1)
  7 ancient zymes
  3 harpy zombies
  7 ice devils (Hell)
  A tormentor (Abyss:3)
  A hydra zombie (Hell)
  2 tengu conjurers
  28 merfolk
  4 trolls
  2 meliai (D:13)
  A red devil (Hell)
  8 wind drakes
  A polar bear (Lair:5)
  A slime creature (shapeshifter) (Depths:2)
  A queen bee (D:13)
  A merfolk (shapeshifter) (D:15)
  66 saltlings (Desolation)
  6 raiju
  10 snapping turtles
  6 harpy skeletons
  2 alligator zombies (Hell)
  7 hornets
  10 blink frogs
  An ice dragon zombie (Crypt:1)
  2 dream sheep (Shoals:4)
  An ettin skeleton (Crypt:1)
  A fire giant simulacrum (Depths:3)
  The ghost of mistmaker the Gusty, an amateur TeAE (D:5)
  3 air elementals
  A black mamba zombie (Crypt:2)
  2 dire elephant simulacra (Crypt:2)
  2 naga simulacra
  2 alligator skeletons (Hell)
  14 flying skulls
  70 yaks
  A satyr skeleton (Crypt:3)
  22 water elementals
  6 wyverns
  A vampire (D:12)
  3 spriggans
  4 ynoxinuls
  A black mamba skeleton (Crypt:1)
  5 wraiths
  3 shadows
  2 fire bats (Gauntlet)
  5 hogs (Lair:6)
  Grum (D:10)
  6 fire elementals
  A hog (shapeshifter) (Vaults:5)
  9 golden eyes
  6 basilisks
  4 steam dragons (Volcano)
  3 redbacks (Vaults:4)
  6 vampire mosquitoes
  5 neqoxecs
  A chaos spawn (Depths:2)
  A sea snake simulacrum (Hell)
  A harpy simulacrum (Hell)
  9 wargs
  51 nagas
  Edmund (D:4)
  12 water moccasins
  Duvessa (D:6)
  2 acid dragons
  A floating eye (Slime:5)
  14 hell hounds
  A demonspawn skeleton (Crypt:1)
  A swamp drake (Abyss:3)
  4 ettin simulacra
  2 ice beasts
  35 orc warriors
  A sky beast (D:8)
  2 black bears (D:5)
  3 necrophages
  16 ogres
  A dream sheep skeleton (Crypt:3)
  11 wolves
  A boggart (Vaults:1)
  14 centaurs
  An elephant skeleton (Crypt:3)
  5 small abominations
  A phantom (D:10)
  Blork the orc (D:6)
  A kobold brigand (D:7)
  5 elf zombies (Elf:1)
  15 bullfrogs
  A gnoll sergeant (D:7)
  7 earth elementals
  4 scorpions
  2 water moccasin zombies
  3 troll zombies (D:10)
  A salamander skeleton (Crypt:3)
  Dowan (D:6)
  A warg zombie (Crypt:3)
  A raiju zombie (Crypt:2)
  5 killer bees (D:13)
  12 wights
  3 electric eels
  4 howler monkeys
  A crimson imp (D:12)
  9 centaur zombies
  A quasit (Abyss:3)
  A black bear zombie (Crypt:2)
  4 jellies
  21 orc priests
  5 centaur skeletons
  A black bear skeleton (Crypt:2)
  An iguana (D:5)
  Terence (D:2)
  16 orc wizards
  5 hell rats (Lair:4)
  A lightning spire (Gauntlet)
  5 ogre zombies (D:10)
  A naga skeleton (Crypt:1)
  A tengu skeleton (Crypt:2)
  4 gnolls
  A howler monkey skeleton (D:5)
  A steam dragon zombie (Crypt:1)
  7 adders
  A shadow imp (D:7)
  2 white imps
  4 ufetubi
  An adder skeleton (D:4)
  4 worms
  A barachi skeleton (Crypt:2)
  96 orcs
  3 bats
  A bat zombie (Crypt:1)
  5 endoplasms
  3 giant cockroaches
  5 goblins
  6 hobgoblins
  6 jackals
  7 quokkas
  8 ball pythons
  9 frilled lizards
  A giant cockroach zombie (Crypt:3)
  2 goblin skeletons (D:10)
  7 goblin zombies (D:10)
  A hobgoblin skeleton (D:10)
  5 hobgoblin zombies
  A jackal skeleton (D:4)
  12 kobolds
  A kobold zombie (Crypt:1)
  4 orc skeletons
  10 orc zombies
  7 rats
  A creeping inferno (Hell)
  5 fire vortices (Hell)
  8 starspawn tentacles
  5 tentacles
2642 creatures vanquished.

Vanquished Creatures (collateral kills)
  An ancient champion (Crypt:3)
  A thorn hunter (Abyss:5)
  An azure jelly (Slime:4)
  A quicksilver ooze (Slime:4)
  A very ugly thing (Depths:2)
  3 skeletal warriors (Crypt:3)
  A deep troll (Depths:1)
  A deep elf archer (Elf:1)
  An ironbound convoker (Vaults:5)
  A necromancer (Vaults:5)
  A deep elf zephyrmancer (Elf:1)
  A water nymph (Abyss:5)
  A vault sentinel (Vaults:5)
  A merfolk (Shoals:4)
  9 slime creatures (Slime:4)
  A saltling (Desolation)
  A water elemental (Abyss:5)
27 creatures vanquished.

Vanquished Creatures (others)
  An ancient champion (Crypt:3)
  A salamander tyrant (Snake:3)
  A death knight (Crypt:2)
  22 dancing weapons
  2 skeletal warriors (Crypt:3)
  A lindwurm (Volcano)
  2 fauns (Shoals:2)
  A merfolk siren (Shoals:2)
  A large abomination (Elf:1)
  A human (Lair:6)
  A small abomination (Abyss:3)
  An orc warrior (Orc:2)
  An orc (Orc:2)
  7 demonic plants (WizLab)
  36 fungi
  2 lurking horrors
  100 plants
  26 starspawn tentacles
  13 tentacles
  14 toadstools (D:7)
234 creatures vanquished.

Grand Total: 2903 creatures vanquished

Notes
Turn   | Place    | Note
-------+----------+-------------------------------------------
     0 | D:1      | CryoSword the Formicid Fighter began the quest for the Orb.
     0 | D:1      | Reached XP level 1. HP: 18/18 MP: 1/1
   177 | D:1      | Reached XP level 2. HP: 17/24 MP: 2/2
   499 | D:1      | Found Acuummuf's Armour Emporium.
   640 | D:1      | Reached XP level 3. HP: 20/29 MP: 3/3
   908 | D:1      | Found a faded altar of an unknown god.
  1571 | D:2      | Reached XP level 4. HP: 36/37 MP: 4/4
  1662 | D:2      | Reached skill level 4 in Fighting
  1939 | D:2      | Noticed Terence
  1965 | D:2      | Killed Terence
  1966 | D:2      | Reached skill level 1 in Dodging
  2394 | D:2      | Reached XP level 5. HP: 41/42 MP: 5/5
  2739 | D:3      | Found a snail-covered altar of Cheibriados.
  2980 | D:4      | Found a staircase to the Ecumenical Temple.
  3423 | D:5      | Entered Level 5 of the Dungeon
  3471 | D:4      | Noticed Edmund
  3614 | D:4      | Reached XP level 6. HP: 44/49 MP: 6/6
  3718 | D:4      | Killed Edmund
  3902 | D:5      | Reached XP level 7. HP: 55/55 MP: 7/7
  3924 | D:5      | Reached skill level 5 in Shields
  4115 | D:5      | Found a transporter.
  4142 | D:5      | Found Fisox's Magic Scroll Boutique.
  4155 | D:5      | Reached skill level 5 in Fighting
  4235 | D:5      | Bought 2 scrolls of identify for 48 gold pieces
  4304 | D:5      | Reached skill level 5 in Staves
  4304 | D:5      | Reached XP level 8. HP: 49/62 MP: 8/8
  4639 | D:5      | Reached skill level 5 in Armour
  4819 | D:5      | Noticed mistmaker's ghost (amateur TeAE)
  5308 | D:6      | Found a basalt altar of Yredelemnul.
  5318 | D:6      | Noticed Dowan
  5464 | D:6      | Noticed Duvessa
  5482 | D:6      | Killed Duvessa
  5493 | D:6      | Killed Dowan
  5494 | D:6      | Reached XP level 9. HP: 48/69 MP: 9/9
  5829 | D:6      | Reached skill level 6 in Fighting
  5829 | D:6      | Reached skill level 1 in Throwing
  6500 | D:6      | Noticed Maggie
  6573 | D:6      | Noticed Blork the orc
  6583 | D:6      | Killed Blork the orc
  7461 | D:7      | Found Syntif's Antique Armour Emporium.
  8004 | D:7      | Found a bloodstained altar of Trog.
  8193 | D:7      | Found a blossoming altar of Fedhas.
  8207 | D:7      | Noticed an oklob plant
  8586 | D:7      | Found Oluink's Book Shop.
  8615 | D:7      | Found Suetumn's Weapon Shoppe.
  9088 | D:8      | Reached XP level 10. HP: 60/75 MP: 10/10
  9101 | D:8      | Found a flagged portal.
  9111 | Bailey   | Entered a bailey
  9584 | Bailey   | Reached skill level 7 in Fighting
 10060 | Bailey   | Noticed an orc knight
 10109 | Bailey   | Killed an orc knight
 10110 | Bailey   | Reached skill level 5 in Dodging
 10234 | Bailey   | Reached XP level 11. HP: 54/84 MP: 11/11
 10854 | Temple   | Entered the Ecumenical Temple
 10938 | Temple   | Became a worshipper of Gozag Ym Sagoz the Greedy
 10973 | D:5      | Bought a scroll of identify for 24 gold pieces
 10973 | D:5      | Bought a scroll of identify for 24 gold pieces
 10973 | D:5      | Bought a scroll of identify for 24 gold pieces
 10973 | D:5      | Bought a scroll of fog for 24 gold pieces
 11027 | D:6      | Killed Maggie
 11426 | D:6      | Found a basalt altar of Yredelemnul.
 12017 | D:7      | Killed an oklob plant
 13427 | D:9      | Found a burning altar of Makhleb.
 13807 | D:9      | Reached XP level 12. HP: 90/92 MP: 12/12
 13913 | D:9      | Found a shadowy altar of Dithmenos.
 13978 | D:9      | Found an ancient bone altar of Kikubaaqudgha.
 14524 | D:10     | Entered Level 10 of the Dungeon
 14800 | D:10     | Found a staircase to the Lair.
 14835 | D:10     | Noticed Urug
 15049 | D:7      | Bought a glimmering chain mail for 275 gold pieces
 15049 | D:7      | Identified the +8 chain mail "Riotiequ" {+Blink Fly} (You
                  | bought it in a shop on level 7 of the Dungeon)
 15155 | D:10     | Reached skill level 8 in Fighting
 15250 | D:10     | Killed Urug
 15448 | D:10     | Found a staircase to the Orcish Mines.
 15529 | D:10     | Reached skill level 5 in Throwing
 15601 | D:10     | Found Bis Qest's Distillery.
 15783 | D:10     | Found a shimmering altar of Xom.
 15785 | D:10     | Found a stormy altar of Qazlal.
 15785 | D:10     | Found a burning altar of Makhleb.
 15787 | D:10     | Found an ornate altar of the Wu Jian Council.
 15787 | D:10     | Found a hazy altar of Hepliaklqana.
 15787 | D:10     | Found a white marble altar of Elyvilon.
 16290 | D:11     | Identified the +1 scale mail "Fodun Min" {rElec rPois}
 16328 | D:11     | Noticed Fannar
 16706 | D:10     | Bought a potion of attraction for 39 gold pieces
 16706 | D:10     | Bought a potion of curing for 39 gold pieces
 16706 | D:10     | Bought a potion of ambrosia for 104 gold pieces
 16706 | D:10     | Bought a potion of attraction for 39 gold pieces
 16706 | D:10     | Bought a potion of mutation for 104 gold pieces
 16706 | D:10     | Bought a potion of heal wounds for 65 gold pieces
 16706 | D:10     | Bought a potion of invisibility for 104 gold pieces
 16720 | D:11     | Killed Fannar
 17115 | D:11     | Noticed Grum
 17122 | D:11     | Noticed a two-headed ogre
 17566 | D:10     | Killed a two-headed ogre
 17567 | D:10     | Reached skill level 9 in Fighting
 17570 | D:10     | Killed Grum
 17895 | D:11     | Reached XP level 13. HP: 76/101 MP: 13/13
 18091 | D:11     | Noticed Sonja
 18103 | D:11     | Killed Sonja
 18573 | Lair:1   | Entered Level 1 of the Lair of Beasts
 18573 | Lair:1   | Noticed a seven-headed hydra
 18975 | D:10     | Killed a seven-headed hydra
 19398 | Lair:1   | Reached skill level 10 in Shields
 19424 | Lair:1   | Reached skill level 10 in Fighting
 19564 | Lair:1   | Found a runed translucent gate.
 19564 | Lair:1   | Found a runed translucent gate.
 19564 | Lair:1   | Found a runed translucent gate.
 19564 | Lair:1   | Noticed a great orb of eyes
 19564 | Lair:1   | Noticed Meat's ghost (journeyman NaVM)
 20308 | Lair:1   | Found a viscous altar of Jiyva.
 20751 | D:7      | Bought a +5 spectral quarterstaff for 555 gold pieces
 22246 | Lair:3   | Found a dark tunnel.
 22279 | Volcano  | Entered a volcano
 22340 | Volcano  | Reached skill level 11 in Fighting
 22470 | Volcano  | Reached XP level 14. HP: 50/113 MP: 14/14
 23101 | Lair:3   | Identified a scroll of acquirement
 23111 | Lair:3   | Acquired a +0 antimagic lajatang
 23499 | Lair:3   | Found a staircase to the Shoals.
 23643 | Lair:3   | Reached skill level 10 in Armour
 23863 | Lair:3   | Found a staircase to the Snake Pit.
 23882 | Lair:3   | Reached skill level 15 in Staves
 24787 | Lair:4   | Reached skill level 12 in Fighting
 25496 | Lair:5   | Found a gate leading to a gauntlet.
 25535 | Gauntlet | Entered a Gauntlet
 25535 | Gauntlet | Found a transporter.
 25547 | Gauntlet | Found a transporter.
 25550 | Gauntlet | Found a transporter.
 25551 | Gauntlet | Found a transporter.
 25559 | Gauntlet | Found a transporter.
 25562 | Gauntlet | Found a transporter.
 25563 | Gauntlet | Found a transporter.
 25575 | Gauntlet | Found a transporter.
 25576 | Gauntlet | Found a transporter.
 25587 | Gauntlet | Found a transporter.
 25587 | Gauntlet | Found a transporter.
 25588 | Gauntlet | Found a transporter.
 25596 | Gauntlet | Found a transporter.
 25645 | Gauntlet | Found a transporter.
 25999 | Gauntlet | Identified the +1 helmet of Courage {+Inv rElec Dex+6}
 26390 | Gauntlet | Identified the +11 hunting sling "Sycleebb" {vorpal, Str+2
                  | Int+3 Dex-4}
 26390 | Gauntlet | Identified the +3 robe of Untruth {Rampage rCorr Stlth-}
 26390 | Gauntlet | Noticed a minotaur
 26412 | Gauntlet | Killed a minotaur
 26609 | Gauntlet | Got Inompi Ziujo's Incunabulum of the Volcanoes
 28520 | Lair:5   | Found a viscous altar of Jiyva.
 28529 | Lair:5   | Found a staircase to the Slime Pits.
 29270 | Lair:4   | Reached skill level 13 in Fighting
 29389 | Lair:4   | Reached XP level 15. HP: 111/123 MP: 15/15
 30031 | Lair:6   | Entered Level 6 of the Lair of Beasts
 30857 | Lair:6   | Identified the +5 tower shield of the Onion {rCorr Slay-2
                  | SInv}
 31018 | Lair:6   | Reached skill level 1 in Evocations
 31098 | Lair:6   | Noticed Kirke
 31108 | Lair:6   | Killed Kirke
 31109 | Lair:6   | Reached skill level 14 in Fighting
 32266 | D:5      | Bought a scroll of enchant armour for 90 gold pieces
 32353 | D:1      | Bought the +3 crystal plate armour of Polish {rF- rCorr
                  | Int+4 Stlth+} for 1406 gold pieces
 32616 | Lair:6   | Bought a heavily runed granite ring for 135 gold pieces
 32616 | Lair:6   | Identified the ring of Zyalybb {rC+ rN++ MP+9 Str-3 SInv}
                  | (You bought it in a shop on level 6 of the Lair of Beasts)
 32773 | Orc:1    | Entered Level 1 of the Orcish Mines
 32852 | Orc:2    | Entered Level 2 of the Orcish Mines
 32909 | Orc:1    | Noticed Jorgrun
 33330 | Orc:1    | Killed Jorgrun
 33707 | Orc:2    | Found a staircase to the Elven Halls.
 33788 | Orc:2    | Found Eleuq's Assorted Antiques.
 33797 | Orc:2    | Bought a potion of curing for 102 gold pieces
 33816 | Orc:2    | Found Fonn's Magic Scroll Shoppe.
 33824 | Orc:2    | Bought a scroll of fog for 22 gold pieces
 33824 | Orc:2    | Bought a scroll of enchant weapon for 82 gold pieces
 33973 | Orc:2    | Noticed an orc warlord
 34001 | Orc:2    | Killed an orc warlord
 34708 | Orc:2    | Found Cepu's Magic Scroll Shop.
 34824 | Orc:2    | Bought a scroll of summoning for 142 gold pieces
 34824 | Orc:2    | Bought a scroll of magic mapping for 52 gold pieces
 34824 | Orc:2    | Bought a scroll of summoning for 142 gold pieces
 34824 | Orc:2    | Bought a scroll of noise for 15 gold pieces
 34824 | Orc:2    | Bought a scroll of fear for 52 gold pieces
 34824 | Orc:2    | Bought a scroll of fog for 30 gold pieces
 34824 | Orc:2    | Bought a scroll of fear for 52 gold pieces
 35137 | Orc:2    | Noticed an orc warlord
 35202 | Orc:2    | Killed an orc warlord
 35203 | Orc:2    | Reached XP level 16. HP: 40/129 MP: 16/16
 35628 | Orc:2    | Found Kyonit's Antique Weapon Boutique.
 35687 | Orc:2    | Found Rialolel's Antique Armour Shop.
 35714 | Orc:2    | Bought a fading quarterstaff for 261 gold pieces
 35714 | Orc:2    | Identified the +6 quarterstaff of the Scroll {pain, Drain
                  | rCorr Int+6} (You bought it in a shop on level 2 of the
                  | Orcish Mines)
 35721 | Orc:2    | Bought a pair of shimmering boots for 256 gold pieces
 35721 | Orc:2    | Identified the +1 pair of boots "Irphidot" {Fly Int+3 SInv}
                  | (You bought it in a shop on level 2 of the Orcish Mines)
 35878 | Orc:2    | Bought a scroll of enchant armour for 82 gold pieces
 35878 | Orc:2    | Bought a scroll of brand weapon for 220 gold pieces
 36028 | Orc:1    | Noticed Josephine
 36043 | Orc:1    | Killed Josephine
 36771 | D:12     | Reached skill level 5 in Evocations
 37155 | D:13     | Found a transporter.
 37157 | D:13     | Found a transporter.
 37198 | D:13     | Noticed Xixkoobe's ghost (journeyman TrHu)
 37778 | D:13     | Noticed Erolcha
 37800 | D:13     | Killed Erolcha
 38904 | D:13     | Reached skill level 15 in Fighting
 39279 | D:13     | Found a gate to the Vaults.
 39298 | D:13     | Reached skill level 10 in Throwing
 39714 | D:5      | Found a transporter.
 39720 | D:5      | Killed mistmaker's ghost
 39930 | D:13     | Killed Xixkoobe's ghost
 40259 | D:14     | Identified the ring of the Cuttlefish {*Corrode rPois rN+
                  | Will+}
 40732 | D:14     | Reached XP level 17. HP: 142/142 MP: 17/17
 41286 | D:15     | Entered Level 15 of the Dungeon
 41738 | D:15     | Found a staircase to the Depths.
 42365 | Snake:1  | Entered Level 1 of the Snake Pit
 42531 | Snake:1  | Reached skill level 15 in Shields
 42535 | Snake:1  | Reached skill level 16 in Fighting
 42654 | Snake:1  | Found Fujilu Dism's Armour Boutique.
 45086 | Snake:2  | Bought the amulet of Xirihuaw {Spirit Harm rC+ Regen+} for
                  | 660 gold pieces
 45086 | Snake:2  | Bought the ring of Sofu {+Blink rC+ Will+ Str+2 Int-3} for
                  | 637 gold pieces
 45312 | Snake:2  | Reached XP level 18. HP: 152/153 MP: 8/18
 46579 | Lair:5   | Identified the +10 chain mail of a Gauntlet {Rampage rN+
                  | SInv}
 46858 | Snake:3  | Reached skill level 17 in Fighting
 47116 | Snake:3  | Identified the +3 chain mail of Ashenzari's Favour {Int+3
                  | Dex+7}
 47574 | Snake:4  | Entered Level 4 of the Snake Pit
 49919 | Snake:4  | Reached XP level 19. HP: 60/162 MP: 3/19
 50468 | Snake:4  | Reached skill level 18 in Fighting
 51053 | Snake:4  | Got a serpentine rune of Zot
 51055 | Snake:4  | Bought a pair of translucent gloves for 266 gold pieces
 51055 | Snake:4  | Identified the +4 pair of gloves of Spite {+Inv rN+ Slay+2
                  | SInv} (You bought it in a shop on level 4 of the Snake Pit)
 51549 | Shoals:1 | Entered Level 1 of the Shoals
 51910 | Shoals:1 | Found Ynnupiun's Jewellery Boutique.
 52861 | Shoals:2 | Noticed Mlioglotl
 52874 | Shoals:2 | Killed Mlioglotl
 53026 | Shoals:2 | Noticed Ilsuiw
 53200 | Shoals:2 | Killed Ilsuiw
 53515 | Shoals:2 | Reached XP level 20. HP: 164/172 MP: 18/20
 55324 | Shoals:4 | Entered Level 4 of the Shoals
 55332 | Shoals:4 | Reached skill level 19 in Fighting
 56285 | Shoals:4 | Got a barnacled rune of Zot
 56293 | Shoals:4 | Reached skill level 15 in Armour
 56883 | Vaults:1 | Entered Level 1 of the Vaults
 57386 | Vaults:1 | Reached XP level 21. HP: 101/181 MP: 11/21
 58093 | Vaults:1 | Noticed Saint Roka
 58134 | Vaults:1 | Killed Saint Roka
 58405 | Vaults:1 | Reached skill level 20 in Fighting
 59808 | Vaults:2 | Reached XP level 22. HP: 170/191 MP: 18/22
 59942 | Vaults:2 | Found a large runed translucent door.
 59942 | Vaults:2 | Found a large runed translucent door.
 59942 | Vaults:2 | Noticed hitsuchi's ghost (adept HuIE)
 59942 | Vaults:2 | Noticed casual's ghost (veteran MiMo)
 60107 | Vaults:2 | Found Kauzis's Antique Weapon Emporium.
 60853 | Vaults:3 | Noticed Xtahua
 60863 | Vaults:3 | Killed Xtahua
 61047 | Vaults:3 | Noticed Mara
 61056 | Vaults:3 | Noticed CryoSword's illusion
 61187 | Vaults:3 | Noticed CryoSword's illusion
 61487 | Vaults:3 | Found a staircase to the Crypt.
 61923 | Vaults:3 | Noticed CryoSword's illusion
 61927 | Vaults:3 | Noticed CryoSword's illusion
 61932 | Vaults:3 | Killed Mara
 62009 | Vaults:3 | Identified the +1 pair of gloves of Parts Unknown {Str+2
                  | Int+3}
 62426 | Vaults:4 | Found a crumbling gateway.
 62454 | Desolati | Entered the Desolation of Salt
 62677 | Desolati | Reached skill level 21 in Fighting
 62979 | Desolati | Identified the ring "Cadet" {rElec rPois rF- rC+ Dex+6}
 63088 | Desolati | Identified the ring "Vutou" {rPois rC+ Will+++ Int-4}
 63094 | Desolati | Identified the +10 trident "Biur" {pain, Int+4}
 63097 | Desolati | Identified the +3 leather armour of Fortitude {rElec Will+
                  | Dex-2}
 63110 | Desolati | Identified the amulet of Xom's Best Wishes {rElec rF+ rN+
                  | Regen+ Dex+4}
 63279 | Desolati | Reached skill level 10 in Evocations
 63358 | Desolati | Reached XP level 23. HP: 94/200 MP: 13/23
 63585 | Desolati | Got the Almanac of Dusty Darkness
 63603 | Desolati | Identified the +3 great sword "CryoSword's Foe" {protect,
                  | +Blink rC+++ Int+4 Stlth-}
 64153 | Vaults:4 | Noticed a dread lich
 64170 | Vaults:4 | Killed a dread lich
 64577 | Vaults:4 | Found Qefaleym's Weapon Emporium.
 65209 | Elf:1    | Entered Level 1 of the Elven Halls
 65367 | Elf:1    | Noticed Azrael
 65376 | Elf:1    | Killed Azrael
 65460 | Elf:1    | Noticed Frances
 65474 | Elf:1    | Killed Frances
 65475 | Elf:1    | Reached skill level 10 in Dodging
 65587 | Elf:1    | Noticed Louise
 65601 | Elf:1    | Killed Louise
 65831 | Elf:1    | Got Qoumpel's Incunabulum of Dark Magic
 66466 | Elf:2    | Found Sionul's One-of-a-Kind Books.
 66481 | Elf:2    | Learned a level 2 spell: Wereblood
 66490 | Elf:2    | Found a huge runed translucent gate.
 66490 | Elf:2    | Found a huge runed translucent gate.
 66490 | Elf:2    | Found a huge runed translucent gate.
 66490 | Elf:2    | Found a huge runed translucent gate.
 66493 | Elf:2    | Found a huge runed translucent gate.
 66540 | Elf:2    | Found a transporter.
 66540 | Elf:2    | Noticed GreyFruit's ghost (adept DrCj)
 66751 | Elf:2    | Got the Guide on Confrontation
 66849 | Elf:2    | Found Uqen Byz's Magic Scroll Emporium.
 66959 | Elf:2    | Identified the ring "Pywuceig" {Wiz Dex+3 Slay+3 Stlth-}
 67014 | Elf:2    | Found a transporter.
 67799 | Elf:3    | Entered Level 3 of the Elven Halls
 67931 | Elf:3    | Found Zecviebe's Magic Scroll Shop.
 67935 | Elf:3    | Found Fottipli's Antique Armour Shop.
 67935 | Elf:3    | Found Okamook's Distillery.
 67940 | Elf:3    | Found Jiutuyng's Assorted Antiques.
 67951 | Elf:3    | Bought a scroll of enchant weapon for 217 gold pieces
 67962 | Elf:3    | Bought a potion of curing for 54 gold pieces
 67962 | Elf:3    | Bought a potion of curing for 54 gold pieces
 67962 | Elf:3    | Bought a potion of curing for 54 gold pieces
 67962 | Elf:3    | Bought a potion of might for 72 gold pieces
 67962 | Elf:3    | Bought a potion of heal wounds for 90 gold pieces
 68073 | Elf:3    | Reached skill level 1 in Transmutations
 68499 | Elf:3    | Reached XP level 24. HP: 205/210 MP: 9/23
 68644 | Elf:3    | Reached skill level 22 in Fighting
 68862 | Elf:3    | Identified the +0 leather armour of the Will of the Gods
                  | {Contam rElec rF+++ SInv}
 68868 | Elf:3    | Identified the amulet "Gymi" {Will- Regen+ Str+8}
 68921 | Elf:3    | Got Kikubaaqudgha's Grimoire of Creative Sinister Arts
 68926 | Elf:3    | Got Icziatwu's Incunabulum of Lethal Moulding
 68931 | Elf:3    | Identified the +0 pair of boots of Benevolence {Str+4 SInv}
 68943 | Elf:3    | Found the +4 skin of Zhor {*Englaciate rC+++ SInv}
 68953 | Elf:3    | Reached skill level 15 in Throwing
 68990 | Elf:3    | Identified the ring "Ywko" {rC+ rCorr}
 69047 | Elf:3    | Identified the +8 arbalest of Recklessness {elec, Dex+2}
 69073 | Elf:3    | Identified the +2 scale mail "Akareoxzu" {*Corrode Regen+
                  | Int+4}
 69082 | Elf:3    | Identified the +0 hat of Valiance {-Cast rElec rCorr
                  | Slay+3}
 69119 | Elf:3    | Bought a scroll of magic mapping for 84 gold pieces
 69119 | Elf:3    | Bought a potion of curing for 72 gold pieces
 69211 | Elf:3    | Bought a pair of jewelled gloves for 351 gold pieces
 69211 | Elf:3    | Identified the +0 pair of gloves of Pysyic {rElec Str+3}
                  | (You bought it in a shop on level 3 of the Elven Halls)
 69288 | Elf:2    | Bought 3 scrolls of enchant armour for 247 gold pieces
 69288 | Elf:2    | Bought 2 scrolls of summoning for 209 gold pieces
 69288 | Elf:2    | Bought a scroll of fog for 22 gold pieces
 69288 | Elf:2    | Bought a scroll of magic mapping for 38 gold pieces
 69359 | Elf:3    | Bought a scroll of enchant armour for 135 gold pieces
 69365 | Elf:3    | Bought a potion of curing for 87 gold pieces
 69365 | Elf:3    | Bought a scroll of enchant armour for 217 gold pieces
 69606 | Depths:1 | Entered Level 1 of the Depths
 69779 | Depths:1 | Found a one-way gateway to a ziggurat.
 69842 | Depths:1 | Noticed Nikola
 69855 | Depths:1 | HP: 1/211 [Nikola/arc of chain lightning (120)]
 69869 | Depths:1 | Killed Nikola
 70206 | Depths:1 | Found a radiant altar of Vehumet.
 70312 | Depths:1 | Found a gateway to Hell.
 70376 | Depths:1 | You are sucked into a shaft and drop 1 floor!
 70397 | Depths:2 | Found a one-way gate leading to the halls of Pandemonium.
 71242 | Depths:2 | Noticed a caustic shrike
 71254 | Depths:2 | Killed a caustic shrike
 71320 | Depths:2 | Noticed a golden dragon
 71336 | Depths:2 | Killed a golden dragon
 71337 | Depths:2 | Reached skill level 5 in Transmutations
 71423 | Depths:2 | Reached XP level 25. HP: 205/219 MP: 23/23
 71686 | Depths:3 | Found a one-way gate to the infinite horrors of the Abyss.
 71819 | Depths:3 | Found a magical portal.
 71839 | WizLab   | Entered Lehudib's Moon Base
 71891 | WizLab   | Found a transporter.
 71927 | WizLab   | Reached skill level 23 in Fighting
 72132 | WizLab   | Identified the +3 glaive of Somewhere Else {protect, *Noise
                  | rElec Str+6 Stlth+}
 72379 | WizLab   | Gained mutation: [Your magical capacity is low. (-10% MP)]
                  | [a cacodemon]
 72386 | WizLab   | Identified the amulet of Qufeg {Acrobat Int+4 Stlth+}
 72767 | WizLab   | Found a transporter.
 72973 | WizLab   | Got Lom Lobon's Handbook of the Compass
 72974 | WizLab   | Identified the ring of Miracles {rPois rF++ AC+4 Int+2
                  | SInv}
 74499 | Depths:4 | Entered Level 4 of the Depths
 74566 | Depths:4 | Found a shadowy altar of Dithmenos.
 74940 | Depths:4 | Found a gate to the Realm of Zot.
 75260 | Depths:3 | Identified the +6 quarterstaff "Murmur" {flame, rCorr
                  | Str+3}
 75552 | Slime:1  | Entered Level 1 of the Pits of Slime
 75576 | Lair:5   | Reached XP level 26. HP: 213/214 MP: 20/21
 75651 | Slime:1  | Reached skill level 1 in Spellcasting
 76451 | Slime:2  | Gained mutation: You occasionally shout uncontrollably at
                  | your foes. [a shining eye]
 76452 | Slime:2  | Gained mutation: You are dopey. (Int -2) [a shining eye]
 77092 | Slime:3  | Gained mutation: You have hidden genetic potential. [a
                  | shining eye]
 77095 | Slime:3  | Gained mutation: You are clumsy. (Dex -2) [a shining eye]
 77508 | Slime:2  | Reached skill level 24 in Fighting
 78256 | Slime:5  | Entered Level 5 of the Pits of Slime
 78478 | Slime:5  | Noticed the Royal Jelly
 78642 | Slime:4  | HP: 11/231 [slime creature (11)]
 78643 | Slime:4  | HP: 4/231 [very large slime creature (30)]
 78992 | Slime:5  | Reached skill level 5 in Spellcasting
 79194 | Slime:5  | Killed the Royal Jelly
 79635 | Slime:5  | Got a slimy rune of Zot
 79669 | Slime:5  | Identified the +1 demon trident "Otheonk" {vamp, rElec
                  | Int+4 Stlth+}
 79675 | Slime:5  | Identified the ring "Aladgh" {rF- rC+++ rN++ Int+6}
 79709 | Slime:5  | Identified the +0 chain mail "Puatapt" {-Tele Rampage rElec
                  | Str+7}
 79741 | Slime:5  | Identified the +11 fustibalus "Cuxucia" {flame, *Corrode
                  | Str+3 Int+4 SInv}
 80121 | Crypt:1  | Entered Level 1 of the Crypt
 81151 | Crypt:1  | Reached XP level 27. HP: 240/240 MP: 12/27
 81546 | Crypt:1  | Identified the +0 hunting sling of the Unspeakable One
                  | {freeze, rF+ rC+ Dex-4}
 82454 | Crypt:2  | Found a basalt altar of Yredelemnul.
 82776 | Crypt:2  | Lost mutation: You are clumsy. (Dex -2) [hidden potential]
 82984 | Crypt:3  | Entered Level 3 of the Crypt
 83578 | Crypt:3  | Found an ancient bone altar of Kikubaaqudgha.
 83688 | Crypt:3  | Found a staircase to the Tomb.
 84078 | Crypt:3  | Found an ancient bone altar of Kikubaaqudgha.
 84259 | Crypt:3  | Reached skill level 25 in Fighting
 84473 | Crypt:3  | Noticed Boris
 84505 | Crypt:3  | Killed Boris
 84506 | Crypt:3  | Noticed a dread lich
 84520 | Crypt:3  | Killed a dread lich
 85028 | Vaults:5 | Entered Level 5 of the Vaults
 85073 | Vaults:5 | Identified the +9 quarterstaff "Avimpun" {antimagic, Will-
                  | Str+6 Dex+5}
 85132 | Vaults:5 | Gained mutation: Your muscles are strong. (Str +2) [hidden
                  | potential]
 85132 | Vaults:5 | Lost mutation: You have hidden genetic potential. [hidden
                  | potential expressed]
 85246 | Vaults:5 | Identified the amulet "Gicoplem" {Spirit *Slow Int+3 Dex+5}
 85569 | Vaults:5 | Noticed a dread lich
 85583 | Vaults:5 | Killed a dread lich
 85756 | Vaults:5 | Reached skill level 5 in Summonings
 86060 | Vaults:5 | Noticed a dread lich
 86065 | Vaults:5 | Killed a dread lich
 86186 | Vaults:5 | Identified the +0 scale mail "Vioskar" {Rampage Fly rC+}
 86396 | Vaults:5 | Got a silver rune of Zot
 86609 | Vaults:5 | Found the +9 heavy crossbow "Sniper" {vorpal, Acc+∞ SInv}
 86889 | Vaults:5 | Identified the +4 flail of Diprum {flame, rC+}
 86894 | Vaults:5 | Identified the +6 scimitar of Courage {protect, +Blink rC++
                  | rCorr MP-9}
 87299 | Vaults:5 | Identified the +0 scale mail of Melancholy {Regen+ Dex+3}
 88023 | Depths:1 | Noticed Aizul
 88039 | Depths:1 | Killed Aizul
 88194 | Depths:1 | Found Otsyxuu's Jewellery Shop.
 88194 | Depths:1 | Found Buethroc's Book Shoppe.
 88194 | Depths:1 | Found Rogaz's Book Shoppe.
 88204 | Depths:1 | Bought the ring of Harmony {+Blink rElec rCorr Int-2
                  | Stlth+} for 475 gold pieces
 88609 | Lair:1   | Killed Meat's ghost
 88832 | Elf:2    | Reached skill level 26 in Fighting
 88859 | Elf:2    | Killed GreyFruit's ghost
 89334 | Vaults:2 | Killed casual's ghost
 89342 | Vaults:2 | Killed hitsuchi's ghost
 89440 | Vaults:2 | Bought a scroll of holy word for 112 gold pieces
 89440 | Vaults:2 | Bought a scroll of summoning for 142 gold pieces
 89684 | Hell     | Entered the Vestibule of Hell
 89700 | Hell     | Noticed Geryon
 90353 | Hell     | Killed Geryon
 90395 | Hell     | Found a gateway to the freezing wastes of Cocytus.
 91164 | Hell     | Found a gateway to the decaying netherworld of Tartarus.
 91284 | Hell     | Found a gateway to the ashen valley of Gehenna.
 91640 | Hell     | Found a gateway to the Iron City of Dis.
 91743 | Depths:3 | Voluntarily entered the Abyss.
 91753 | Abyss:2  | Found a corrupted altar of Lugonu.
 91827 | Abyss:3  | Noticed a dread lich
 91838 | Abyss:3  | Killed a dread lich
 91983 | Abyss:3  | Found a blossoming altar of Fedhas.
 92608 | Abyss:4  | Found a corrupted altar of Lugonu.
 92623 | Abyss:5  | Entered Level 5 of the Abyss
 92623 | Abyss:5  | Found a corrupted altar of Lugonu.
 92794 | Abyss:5  | Noticed a dread lich
 92801 | Abyss:5  | Killed a dread lich
 92825 | Abyss:5  | HP: 9/246 [starcursed mass/accursed screaming (14)]
 92825 | Abyss:5  | Slain by a large abomination

Illustrated notes

Levels and vault maps discovered:
D:1:      amcnicky_arrival_choice, layout_basic, serial_aquarium,
          aquarium_bridge_straight [aquarium_subvault_bridge,
          aquarium_subvault_wall, aquarium_subvault_bridge,
          aquarium_subvault_window], aquarium_window_fake, aquarium_window_2,
          aquarium_view_2f, aquarium_balcony_double_3, serial_shops, shop,
          chequers_ecumenical_altar_twisty, minmay_lizard_king
D:2:      layout_basic, minmay_tripent, uniq_terence
D:3:      layout_rooms, slow_altar_2
D:4:      layout_basic, minmay_temple_entry_from_below_a, uniq_edmund
D:5:      layout_loops_ring, gammafunk_ghost_smash, serial_shops,
          nicolae_diamond_shop
D:6:      layout_loops_corners, lemuel_doored_altar, uniq_duvessa,
          uniq_blork_the_orc, uniq_maggie
D:7:      layout_gridville, trog_three_pillars_becter, tgw_fedhas, serial_shops,
          nicolae_lakefront_shop, shop, nicolae_lakefront_shop
D:8:      layout_loops_ring, enter_bailey_2
D:9:      layout_layer_cave, mainiacjoe_overflow_alcove_4,
          lemuel_coloured_pillars_altar, mainiacjoe_overflow_alcove_1
D:10:     layout_rooms, doesnt_xom_only_xom, lair_entry_dummy,
          zombieorc2_lemuel, serial_shops, nicolae_take_the_stairs,
          chequers_serial_rivers_small_b, chequers_serial_rivers_micro_a,
          uniq_urug
D:11:     layout_basic, uniq_sonja, uniq_fannar, uniq_grum
D:12:     layout_loops_cross, lightli_wizard_tower
D:13:     layout_long_grid, erik_vaults_2, gammafunk_ghost_hive,
          minmay_rotating_lava, uniq_erolcha
D:14:     layout_roguey, serial_park_gazebo [serial_park_minivault_5x5_7]
D:15:     hangedman_depths_entry_try_elsewhere_first, layout_cave_pools,
          grunt_decor_cap
Temple:   eino_narrow_crystal_temple
Lair:1:   layout_layer_cave, gammafunk_ghost_ooze, beast_lair_carwin_5,
          serial_bayou_shore_b, infiniplex_staircase_pool
Lair:2:   layout_small_grid, serial_bayou_shore_b
Lair:3:   layout_cave_shapes, minmay_shoals_entry_centaurs,
          minmay_snake_entry_guardpost_large, nicolae_volcano_entry_two_sided
Lair:4:   layout_cave_pods
Lair:5:   layout_loops_ring, slime_altar_1, gauntlet_entry_generic,
          grunt_megastairs_3
Lair:6:   evilmike_catoblepas_cave, layout_cave_pods, lemuel_fruit_tree,
          uniq_kirke
Shoals:1: layout_shoals, minmay_shop_enchanted_jewellery
Shoals:2: cheibrodos_shoals_roost, layout_shoals,
          nicolae_shoals_stone_sculpture_thing, uniq_mlioglotl, uniq_ilsuiw
Shoals:3: layout_shoals
Shoals:4: shoals_end_grunt_ice, layout_shoals
Snake:1:  layout_gridlike, serial_shops, nicolae_shop_window_shopping
Snake:2:  layout_basic
Snake:3:  layout_concentric_octagons
Snake:4:  snake_pit_salamanders_mu, layout_gridlike
Slime:1:  layout_caves
Slime:2:  layout_caves, cheibrodos_slime_lost_civilization_7
Slime:3:  layout_caves, cheibrodos_slime_lost_civilization_5
Slime:4:  layout_caves
Slime:5
Orc:1:    layout_caves, uniq_jorgrun, uniq_josephine
Orc:2:    grunt_orc_community_town_hall, layout_diamond_mine,
          grunt_orc_community_big_house_2, grunt_orc_community_big_house_1,
          grunt_orc_community_house_3, grunt_orc_community_house_1,
          grunt_orc_community_house_2, grunt_orc_community_house_3,
          grunt_orc_community_house_3, serial_shops, shop_fountains,
          lemuel_statue_altar, nooodl_orcs_dogs
Elf:1:    minmay_elf_arrival_circle, layout_geoelf_grid, minmay_elf_necromancy,
          nicolae_elf_v_pinch, dk_noncrumbling_3, uniq_azrael, uniq_louise,
          uniq_frances
Elf:2:    elven_hall_of_blades_hangedman_alternative
          [nooodl_blade_entry_preview], layout_geoelf_diagonals, serial_shops,
          nicolae_shop_hallway_plus, gammafunk_ghost_arena, glass_columns_a,
          nicolae_rare_books, st_stairs_8
Elf:3:    minmay_elf_hall_x, layout_geoelf_castle, minmay_shoptagon
Vaults:1: vaults_room_grid, ontoclasm_vaults_shuriken, v_misc_27, v_pattern_3,
          nicolae_vaults_puzzle_piece, ontoclasm_vaults_ligature,
          v_alt_pattern_4, ontoclasm_vaults_bender, hangedman_vaults_trim,
          v_misc_33, nicolae_vaults_little_squares_2, v_misc_25, st_cross,
          vaults_room_hallway, v_alt_pattern_3, nicolae_vaults_asterisk,
          ontoclasm_vaults_chip, vaults_room_hallway,
          hangedman_vaults_stretched_pinwheel, layout_vaults_maze_bifur,
          uniq_saint_roka
Vaults:2: advil_vaults_ghost_guards, vaults_room_fours, vaults_room_grid,
          nicolae_vaults_windows_and_doors_thing, nicolae_vaults_minivaults,
          hangedman_vaults_restitches, vaults_room_octagon,
          nicolae_vaults_mini_display_case, layout_vaults_omnicross,
          serial_shops, nicolae_lakefront_shop
Vaults:3: v_misc_14, v_alt_pattern_1, vaults_room_pools, vaults_room_door_ring,
          v_misc_17, nicolae_vaults_shelves_hall, v_misc_5,
          nicolae_vaults_network_periphery, minmay_crypt_entry_nasty_monster,
          layout_vaults_omnigrid, uniq_mara, uniq_xtahua
Vaults:4: portal_desolation_entry_nicolae_slug, nicolae_vaults_branching_niches,
          hangedman_vaults_stagger, hangedman_vaults_impose,
          hangedman_vaults_slice, nicolae_vaults_asterisk,
          vaults_dpeg_encased_lava, nicolae_vaults_alarming, vaults_dpeg_ring,
          layout_vaults_big_room, serial_shops, shop
Vaults:5: serial_shops
Crypt:1:  layout_basic, serial_co_window_serial, co_window_paths_a,
          co_window_paths_b, co_window_paths_a, co_window_corner_a,
          co_window_paths_a, co_window_paths_a, co_window_corner_a,
          co_window_2corner, co_window_broadway_b, co_window_corner_b,
          co_window_corner_cb, co_window_paths_d, co_window_sun,
          skrybe_necro_troll_2
Crypt:2:  layout_catacombs, basic_altar
Crypt:3:  church_of_pain_bobbens, layout_chaotic_city, basic_altar, st_stairs_8,
          hellmonk_scarab_ruin, uniq_boris
Depths:1: layout_roguey, enter_ziggurat_e, nicolae_vehumet_radiance,
          grunt_pan_entry_sceptre, hell_entry, hangedman_decor_push,
          hangedman_abyss_or_decor_stabs, minmay_checkered_concentric_circles,
          minmay_shop_grove, uniq_aizul, uniq_nikola
Depths:2: minmay_nine_rooms, layout_cave_pools, rand_demon_pan_entry_5,
          kennysheep_small_spiral, hell_entry,
          infiniplex_staircase_spiral_double
Depths:3: dreamdust_isle_of_ice, layout_twisted_cross,
          kennysheep_decorative_pillar, grunt_mini_vestibule, abyss_entry,
          mu_enter_wizlab_4, rand_demon_pan_entry_1, dispersion_dpeg,
          firewood_loft
Depths:4: evilmike_zot_entry_basic, layout_gridville, kennysheep_pointless_box,
          hell_entry, grunt_dithmenos_smoke_and_mirrors
Hell
Abyss:5:  base: Slime:1, evilmike_abyss_exit_12,
          grunt_abyss_rune_forest_and_sorcery, evilmike_abyss_exit_9,
          hangedman_classic_abyss_death

Skill      XL: |  1  2  3  4  5  6  7  8  9 10 11 12 13 14 15 16 17 18 19 20 21 22 23 24 25 26 27 |
---------------+----------------------------------------------------------------------------------+-----
Shields        | 4 5 6 7 8 9 10 11 13 14 15 17 18 19 20 21 22 23 | 23.8
Fighting       | 4 5 6 7 9 11 13 14 15 16 17 18 19 20 21 22 23 24 26 | 26.4
Staves         | 3 4 5 6 7 12 13 14 15 16 17 18 19 20 21 | 21.5
Dodging        | 1 2 3 4 5 7 9 10 11 | 11.0
Armour         | 4 5 6 7 8 9 10 11 12 13 14 15 16 17 18 20 | 20.1
Throwing       | 2 3 4 5 7 8 9 10 11 12 13 14 15 16 17 19 | 19.8
Evocations     | 4 6 7 9 10 12 | 12.1
Transmutations | 1 5 7 9 |  9.0
Spellcasting   | 5 8 |  8.0
Summonings     | 6 |  6.1

Action                   |  1- 3 |  4- 6 |  7- 9 | 10-12 | 13-15 | 16-18 | 19-21 | 22-24 | 25-27 || total
-------------------------+-------+-------+-------+-------+-------+-------+-------+-------+-------++-------
Melee: Quarterstaff      |    92 |   112 |   257 |   549 |   892 |  1059 |  1228 |   313 |       ||  4502
       Unarmed           |       |     2 |       |       |       |       |       |       |       ||     2
       Lajatang          |       |       |       |       |    10 |   217 |   139 |  1215 |  3164 ||  4745
       Punch             |       |       |       |       |       |       |       |       |     3 ||     3
 Fire: Hunting sling     |       |       |       |       |     8 |       |       |       |       ||     8
Throw: Dart              |       |       |    12 |     3 |    18 |     1 |       |       |       ||    34
       Javelin           |       |       |       |     4 |       |    17 |    15 |    39 |    43 ||   118
       Boomerang         |       |       |       |       |       |     2 |     4 |    14 |    24 ||    44
 Cast: Wereblood         |       |       |       |       |       |       |       |       |     2 ||     2
Invok: Call Merchant     |       |       |       |       |     1 |     2 |     2 |     2 |     1 ||     8
       Potion Petition   |       |       |       |       |       |       |     1 |     1 |     6 ||     8
 Abil: Dig               |     1 |       |     1 |     2 |     8 |       |       |     1 |     2 ||    15
       Evoke Invisibilit |       |       |       |       |       |       |       |     1 |     1 ||     2
Evoke: Wand              |       |       |       |       |     4 |       |       |       |       ||     4
       Box of beasts     |       |       |       |       |     1 |     1 |     1 |     5 |     7 ||    15
       Condenser vane    |       |       |       |       |     1 |     1 |     2 |     7 |     7 ||    18
       Phantom mirror    |       |       |       |       |       |     1 |     1 |     2 |     1 ||     5
       Tin of tremorston |       |       |       |       |       |       |     4 |    10 |    12 ||    26
  Use: Scroll            |     2 |       |     7 |     5 |    17 |    12 |     2 |    11 |    15 ||    71
       Potion            |       |     1 |       |     2 |     5 |     1 |     5 |     8 |     6 ||    28
 Stab: Distracted        |       |       |       |     2 |    17 |    32 |    34 |    20 |    25 ||   130
       Invisible         |       |       |       |       |     3 |       |    12 |     6 |     5 ||    26
       Fleeing           |       |       |       |       |       |       |       |     1 |       ||     1
       Confused          |       |       |       |       |       |       |       |       |     2 ||     2
Armor: Scale mail        |    39 |    48 |    97 |    20 |       |       |       |       |       ||   204
       Chain mail        |       |       |       |    86 |   307 |     1 |       |       |       ||   394
       Plate armour      |       |       |       |    40 |       |   336 |   381 |   368 |  1331 ||  2456
       Crystal plate arm |       |       |       |       |    61 |     2 |       |       |       ||    63
Dodge: Dodged            |    40 |    41 |   128 |   133 |   219 |   162 |   193 |   217 |   723 ||  1856
Block: Buckler           |    26 |    27 |    66 |    85 |   156 |       |       |       |       ||   360
       Tower shield      |       |       |       |       |   196 |  1182 |  1288 |  1301 |  3305 ||  7272
